 Dungeon Crawl Stone Soup version 0.29-a0-409-gd843f3a (webtiles) character file.

Game seed: 10103761485083130152

68 Illumine the Bolt Thrower (level 4, 0/38 HPs)
             Began as a Minotaur Hunter on May 13, 2022.
             Slain by a kobold brigand
             ... wielding a +0 whip
              (7 damage)
             ... in a sewer.
             The game lasted 00:02:36 (1398 turns).

Illumine the Bolt Thrower (Minotaur Hunter)         Turns: 1398, Time: 00:02:36

Health: 0/38       AC:  3    Str: 15    XL:     4   Next: 1%
Magic:  3/3        EV: 12    Int:  6    God:
Gold:   55         SH:  5    Dex: 16    Spells: 3/3 levels left

rFire   . . .      SeeInvis .   a - +2 hand crossbow
rCold   . . .      Faith    .   (no shield)
rNeg    . . .      Spirit   .   b - +0 leather armour
rPois   .          Reflect  +   (helmet restricted)
rElec   .          Harm     .   (no cloak)
rCorr   .          Rampage  .   (no gloves)
Will    .....                   (no boots)
Stlth   +.........              f - amulet of reflection
HPRegen 0.12/turn               (no ring)
MPRegen 0.08/turn               (no ring)

@: slowed, very slow
A: horns 2, retaliatory headbutt
a: no special abilities


You were in a sewer.
You visited 1 branch of the dungeon, and saw 3 of its levels.
You also visited: Sewer.

You collected 133 gold pieces.
You spent 78 gold pieces at shops.

Inventory:

Hand Weapons
 a - a +2 hand crossbow (weapon)
Armour
 b - a +0 leather armour (worn)
Jewellery
 f - an amulet of reflection (around neck)
Scrolls
 c - a scroll of immolation
 e - a scroll of enchant weapon
 i - a scroll of fear
 j - a scroll of teleportation
 l - a scroll of brand weapon {unknown}
 m - a scroll of enchant armour {unknown}
 n - a scroll of poison {unknown}
 o - 2 scrolls of torment
Potions
 d - 2 potions of heal wounds
 g - a potion of attraction {unknown}
 k - a potion of curing
 p - a potion of mutation {unknown}


   Skills:
 + Level 3.3 Fighting
 * Level 5.4 Crossbows
 + Level 3.0 Dodging
 - Level 0.7 Stealth


You had 3 spell levels left.
You didn't know any spells.
Your spell library was empty.

Dungeon Overview and Level Annotations

Branches:
Dungeon (3/15)              Sewer (1/1)

Altars:

Shops:
D:2 *

Annotations:
D:2 Terence


Innate Abilities, Weirdness & Mutations

You have a pair of horns on your head.
You reflexively headbutt those who attack you in melee.


Message History

The kobold barely misses you. You block the kobold's attack.
You shoot a bolt.
The bolt closely misses the kobold brigand.
The kobold brigand hits you with a +0 whip.
The kobold hits you with a +0 club.
The kobold brigand hits you with a +0 whip.
You block the kobold's attack.
You shoot a bolt. The bolt hits the kobold brigand.
The kobold brigand is moderately wounded.
The kobold brigand closely misses you. The kobold barely misses you.
You furiously retaliate!
You headbutt the kobold.
You kill the kobold!
The kobold brigand hits you with a +0 whip.
You shoot a bolt.
The bolt closely misses the kobold brigand.
The kobold brigand hits you with a +0 whip. x2
You are too injured to fight recklessly!
You are too injured to fight recklessly!
You are too injured to fight recklessly!
Shoot: a) +2 hand crossbow
Press: ? - help, Q - select action Shift-Dir - straight line, f/p - kobold brigand
Aim: a kobold brigand, wielding a +0 whip and quivering curare-tipped darts (moderately wounded, 60% to hit)
You shoot a bolt. The bolt misses the kobold brigand.
The kobold brigand hits you with a +0 whip.
Shoot: a) +2 hand crossbow
Press: ? - help, Q - select action Shift-Dir - straight line, f/p - kobold brigand
Aim: a kobold brigand, wielding a +0 whip and quivering curare-tipped darts (moderately wounded, 60% to hit)
You shoot a bolt. The bolt hits the kobold brigand.
The kobold brigand is heavily wounded.
The kobold brigand barely misses you.
The kobold brigand hits you with a +0 whip.
Shoot: a) +2 hand crossbow
Press: ? - help, Q - select action Shift-Dir - straight line, f/p - kobold brigand
Aim: a kobold brigand, wielding a +0 whip and quivering curare-tipped darts (heavily wounded, 60% to hit)
You shoot a bolt.
The bolt closely misses the kobold brigand.
The kobold brigand hits you with a +0 whip.
* * * LOW HITPOINT WARNING * * *
The kobold brigand hits you with a +0 whip!
You die...

### ### ..####.###
.........#####
.............###
...............#
......†........#######
................#....#
.......≈≈P...≈≈.'?..)#
≈...≈≈≈≈≈≈....≈≈@K.∩.#
≈≈..P≈P≈≈P≈≈.≈≈≈#)...#
#######≈##############
≈≈ ≈≈≈≈≈ ≈≈ ≈≈≈≈≈ ≈


You could see a kobold brigand.

Vanquished Creatures
  An adder (D:2)
  2 worms
  A dart slug (D:1)
  6 ball pythons
  12 giant cockroaches
  4 goblins (D:1)
  2 hobgoblins (D:1)
  8 kobolds
  A quokka (D:2)
  4 bats
  3 frilled lizards (D:1)
  4 rats
48 creatures vanquished.

Notes
Turn   | Place    | Note
-------+----------+-------------------------------------------
     0 | D:1      | Illumine the Minotaur Hunter began the quest for the Orb.
     0 | D:1      | Reached XP level 1. HP: 18/18 MP: 0/0
   101 | D:1      | Reached XP level 2. HP: 25/25 MP: 1/1
   644 | D:2      | Noticed Terence
   767 | D:2      | Reached skill level 5 in Crossbows
   790 | D:2      | Reached XP level 3. HP: 31/31 MP: 2/2
   822 | D:2      | Found Detuts's General Store.
   828 | D:2      | Bought a scroll of fear for 42 gold pieces
   828 | D:2      | Bought a scroll of teleportation for 36 gold pieces
  1136 | D:3      | Found a glowing drain.
  1160 | Sewer    | Entered a sewer
  1388 | Sewer    | Noticed a kobold brigand
  1391 | Sewer    | Reached XP level 4. HP: 37/38 MP: 3/3
  1398 | Sewer    | Slain by a kobold brigand

Illustrated notes

Levels and vault maps discovered:
D:1:      lemuel_arrival_hallway, layout_basic
D:2:      layout_loops_corners, serial_shops, shop, uniq_jessica, uniq_terence
D:3:      minmay_roachtagon, layout_loops_ring, grunt_temple_overflow_open,
          cheibrodos_sewer_entry_bend, serial_shops, nicolae_shop_waterfront,
          dreamdust_ecumenical_altar_statues, minmay_misc_feat_plants,
          amcnicky_mini_corridor_feature
Sewer:    kennysheep_pipe_town

Skill      XL: |  1  2  3 |
---------------+----------+-----
Fighting       | 3 |  3.3
Crossbows      | 5 |  5.4
Dodging        | 3 |  3.0
Stealth        | |  0.7

Action                   |  1- 3 |  4- 6 || total
-------------------------+-------+-------++-------
 Fire: Hand crossbow     |   122 |     7 ||   129
  Use: Scroll            |     4 |       ||     4
       Potion            |       |     1 ||     1
Armor: Leather armour    |    11 |       ||    11
Dodge: Dodged            |    20 |     5 ||    25
Block: Other             |     8 |     2 ||    10
       Reflection        |     1 |       ||     1

Table legend: (Time is in decaauts)
 A = Elapsed time spent in this place.
 B = Non-inter-level travel time spent in this place.
 C = Inter-level travel time spent in this place.
 D = Time resting spent in this place.
 E = Time spent auto-exploring this place.
 F = Levels seen in this place.
 G = Mean time per level.
                   A        B        C        D        E       F      G
               +--------+--------+--------+--------+--------+-----+--------+
         Total |   1455 |   1403 |     52 |    212 |    814 |   4 |  363.8 |
       Dungeon |   1195 |   1143 |     52 |     79 |    803 |   3 |  398.3 |
         Sewer |    259 |    259 |      0 |    133 |     11 |   1 |  259.0 |
               +--------+--------+--------+--------+--------+-----+--------+

Top non-repeatable levels by time:
     D:1: 669 daAuts
     D:2: 301 daAuts
   Sewer: 259 daAuts
     D:3: 224 daAuts
